 Dungeon Crawl Stone Soup version 0.21.1-1-g345015f (webtiles) character file.

30 shakethe the Skirmisher (level 3, 16/29 HPs)
             Began as a Demonspawn Fighter on Feb 24, 2018.
             Quit the game on level 2 of the Dungeon.
             The game lasted 00:00:40 (756 turns).

shakethe the Skirmisher (Demonspawn Fighter)         Turns: 756, Time: 00:00:41

Health: 16/29      AC:  6    Str: 16    XL:     3   Next: 3%
Magic:  3/3        EV:  6    Int: 10    God:
Gold:   34         SH:  8    Dex: 12    Spells: 2/2 levels left

rFire    . . .     SeeInvis .   a - +0 war axe
rCold    . . .     Gourm    .   c - +0 shield
rNeg     . . .     Faith    .   b - +0 scale mail
rPois    .         Spirit   .   (helmet restricted)
rElec    .         Reflect  .   (no cloak)
rCorr    .         Harm     .   (no gloves)
MR       .....                  (no boots)
Stlth    +.........             (no amulet)
HPRegen  0.09/turn              (no ring)
MPRegen  0.08/turn              (no ring)

@: mildly poisoned (16 -> 11)
A: antennae 1, nightstalker 1
a: no special abilities


You were on level 2 of the Dungeon.
You were not hungry.

You visited 1 branch of the dungeon, and saw 2 of its levels.

You collected 34 gold pieces.

Inventory:

Hand Weapons
 a - a +0 war axe (weapon)
Armour
 b - a +0 scale mail (worn)
 c - a +0 shield (worn)
Scrolls
 g - 2 scrolls of identify {unknown}
 h - a scroll of immolation {unknown}
 i - a scroll of amnesia {unknown}
Potions
 d - a potion of might
 e - 2 potions of curing {unknown}
Comestibles
 f - 5 rations


   Skills:
 + Level 3.2 Fighting
 * Level 2.4 Axes
 + Level 3.0 Armour
 + Level 2.9 Shields


You had 2 spell levels left.
You didn't know any spells.

Dungeon Overview and Level Annotations

Branches:
Dungeon (2/15)

Altars:


Innate Abilities, Weirdness & Mutations

You have a pair of small antennae on your head.
You are slightly more attuned to the shadows.


Message History

You see here a dagger.
You see here a spear.
You see here 20 arrows.
You see here 22 stones.
Found a stone staircase leading down.
No target in view!
No target in view!
No target in view!
Health restored: 24 No target in view!
No target in view!
No target in view!
No target in view!
No target in view!
No target in view!
No target in view!
No target in view!
No target in view!
No target in view!
No target in view!
No target in view!
No target in view!
No target in view!
There is a stone staircase leading down here.
You open the door.
There is an open door here.
You see here a dagger.
Done exploring.
No target in view!
No target in view!
No target in view!
No target in view!
No target in view!
No target in view!
No target in view!
No target in view!
No target in view!
No target in view!
No target in view!
No target in view!
No target in view!
Done exploring.
No target in view!
No target in view!
No target in view!
No target in view!
No target in view!
No target in view!
No target in view!
Done exploring.
Done exploring.
(D) Dungeon
Where to? (? - help)
There is a staircase leading out of the dungeon here.
There is a stone staircase leading down here.
You climb downwards.
There is a stone staircase leading up here.
g - 2 scrolls labeled OTEVVAE CALA (gained 1)
f - 4 rations (gained 1)
You now have 34 gold pieces (gained 9).
f - 5 rations (gained 1)
An adder comes into view.
You barely miss the adder. The adder bites you. The adder closely misses you.
You take 1 damage, and have 23/24 hp.
You slash the adder! You block the adder's attack.
The adder bites you but does no damage.
Health restored: 24 You closely miss the adder.
The adder barely misses you. You block the adder's attack.
You closely miss the adder. The adder barely misses you. The adder bites you.
You closely miss the adder. The adder bites you.
The adder bites you but does no damage.
You hit the adder. The adder completely misses you.
The adder bites you but does no damage.
You closely miss the adder.
The adder bites you but does no damage. x2
You closely miss the adder. The adder bites you but does no damage.
An adder is nearby!
You take 6 damage, and have 18/24 hp.
MASSIVE DAMAGE!!
You closely miss the adder. The adder bites you. The adder barely misses you.
You take 2 damage, and have 16/24 hp.
You miss the adder. You block the adder's attack. x2
Your shield and scale mail prevent you from hitting the adder.
The adder barely misses you. The adder bites you but does no damage.
You barely miss the adder. The adder bites you.
You are poisoned.
The adder poisons you! You block the adder's attack.
You take 3 damage, and have 14/24 hp.
You hit the adder.
You kill the adder!
Your Armour skill increases to level 3!
You have reached level 3!
Your experience leads to an increase in your attributes!
Increase (S)trength, (I)ntelligence, or (D)exterity?
You feel clever.
Your demonic ancestry asserts itself...
You slip into the darkness of the dungeon.
You feel sick.
You regained 2 hp, and now have 16/29 hp.
MP restored: 3
Okay, then.

#.#.## #.# #.#<# #.#
######.#.#####.######.
#.....................
#.####..............##
#..###########.# #..#
# ?####..# #......@#
#.####..?.....
#..###### ...# ##..#
...# ...#


There were no monsters in sight!

Vanquished Creatures
  An adder (D:2)
  A dart slug (D:1)
  A bat (D:1)
  2 giant cockroaches (D:1)
  3 goblins (D:1)
  A hobgoblin (D:1)
  4 kobolds (D:1)
  A frilled lizard (D:1)
  3 rats (D:1)
17 creatures vanquished.

Notes
Turn   | Place    | Note
-------+----------+-------------------------------------------
     0 | D:1      | shakethe the Demonspawn Fighter began the quest for the Orb.
     0 | D:1      | Reached XP level 1. HP: 18/18 MP: 1/1
    47 | D:1      | Reached skill level 2 in Axes
    68 | D:1      | Gained mutation: You have a pair of small antennae on your head. [demonic ancestry]
    68 | D:1      | Reached XP level 2. HP: 17/24 MP: 2/2
   754 | D:2      | Reached skill level 3 in Armour
   754 | D:2      | Gained mutation: You are slightly more attuned to the shadows. [demonic ancestry]
   754 | D:2      | Reached XP level 3. HP: 17/29 MP: 3/3
   756 | D:2      | Quit the game

Skill      XL: |  1  2 |
---------------+-------+-----
Axes           | 2 |  2.4
Armour         | 3 |  3.0
Fighting       | |  3.2
Shields        | |  2.9

Action                   || total
-------------------------++-------
Melee: War axe           ||    86
Armor: Scale mail        ||    51
Dodge: Dodged            ||    19
Block: Shield            ||    47

Vault maps used:
D:1:      matt_arrival_grand_opening
D:2:      tso_oasis_becter, kennysheep_okawaru_gauntlet, minmay_misc_feat_tiny

Table legend:
 A = Turns spent in this place as a percentage of turns spent in the entire game.
 B = Non-inter-level travel turns spent in this place as a percentage of non-inter-level travel turns spent in the entire game.
 C = Inter-level travel turns spent in this place as a percentage of turns spent in this place.
 D = Turns resting spent in this place as a percentage of non-inter-level travel turns spent in this place.
 E = Turns spent auto-exploring this place as a percentage of non-inter-level travel turns spent in this place.
 F = Non-inter-level travel turns spent in this place divided by the number of levels of this place that you've seen.
                   A       B       C       D       E      F
               +-------+-------+-------+-------+-------+----------------------
         Total | 100.0 | 100.0 |   2.6 |   0.0 |  79.9 | 368.0
       Dungeon | 100.0 | 100.0 |   2.6 |   0.0 |  79.9 | 368.0
               +-------+-------+-------+-------+-------+----------------------

Table legend:
 A = Kills in this place as a percentage of kills in entire the game.
 B = Kills by you in this place as a percentage of kills by you in the entire game.
 C = Kills by friends in this place as a percentage of kills by friends in the entire game.
 D = Other kills in this place as a percentage of other kills in the entire game.
 E = Experience gained in this place as a percentage of experience gained in the entire game.
 F = Experience gained in this place divided by the number of levels of this place that you have seen.
                   A       B       C       D       E      F
               +-------+-------+-------+-------+-------+----------------------
         Total | 100.0 | 100.0 |   N/A |   N/A | 100.0 |  21.5
       Dungeon | 100.0 | 100.0 |   N/A |   N/A | 100.0 |  21.5
               +-------+-------+-------+-------+-------+----------------------
